 Dungeon Crawl Stone Soup version bcrawl-1.19.2-6-g6a88ae04c9 (webtiles) character file.

Game seed: 14688213800031330551

19075 Mrkan the Fighter (level 12, -16/111 HPs)
             Began as a Hill Orc Fighter on Dec 26, 2019.
             Was an Elder of Makhleb.
             Demolished by a catoblepas (17 damage)
             ... on level 4 of the Lair of Beasts.
             The game lasted 00:21:44 (13251 turns).

Mrkan the Fighter (Hill Orc Fighter)               Turns: 13251, Time: 00:21:45

Health: -16/111    AC: 20    Str: 23    XL:     12   Next: 65%
Magic:  20/20      EV:  7    Int: 17    God:    Makhleb [****..]
Gold:   1053       SH: 13    Dex: 11    Spells: 11/11 levels left

rFire    + . .     SeeInvis .   I - +2 whip (elec)
rCold    . . .     Gourm    .   c - +1 shield
rNeg     . . .     Faith    .   w - +8 chain mail of the Sea {*Corrode rPois Int+9 Slay+3}
rPois    +         Spirit   .   (no helmet)
rElec    .         Reflect  .   C - +0 cloak
rCorr    .         Harm     .   (no gloves)
MR       .....                  (no boots)
Stlth    ..........             (no amulet)
HPRegen  0.28/turn              i - ring of protection from fire
MPRegen  0.17/turn              S - +3 ring of protection

@: barbed spikes, corroded
A: no striking features
a: Minor Destruction, Lesser Servant of Makhleb, Major Destruction, Renounce
Religion


You were on level 4 of the Lair of Beasts.
You worshipped Makhleb.
Makhleb was greatly pleased with you.
You were hungry.

You visited 3 branches of the dungeon, and saw 14 of its levels.

You collected 1201 gold pieces.
You spent 148 gold pieces at shops.

Inventory:

Hand Weapons
 a - a +0 war axe
 q - a +1 hand axe of electrocution
 I - a +2 whip of electrocution (weapon)
 R - the +6 quarterstaff of the Hidden Vale {elec, +Blink rF- Dex+3}
   (You found it on level 3 of the Lair of Beasts)

   Occasionally, upon striking a foe, it will discharge some electrical energy
   and cause terrible harm.
   It affects your dexterity (+3).
   It makes you vulnerable to fire.
   It lets you blink.
Missiles
 t - a throwing net (quivered) {!f}
Armour
 c - a +1 shield (worn)
 p - a +0 plate armour
 w - the +8 chain mail of the Sea (worn) {*Corrode rPois Int+9 Slay+3}
   (You found it on level 4 of the Dungeon)

   It affects your intelligence (+9).
   It affects your accuracy and damage with ranged weapons and melee attacks
   (+3).
   It protects you from poison.
   It may corrode you when you take damage.
 C - a +0 cloak (worn)
Jewellery
 i - a ring of protection from fire (left hand)
 l - an uncursed ring of protection from magic
 S - a +3 ring of protection (right hand)
Wands
 s - a wand of paralysis (17)
 y - a wand of digging (10)
 E - a wand of acid (5)
 F - a wand of enslavement (13)
 G - a wand of disintegration (14)
 O - a wand of iceblast (11)
Scrolls
 e - 6 scrolls of identify
 g - 7 scrolls of teleportation
 j - a scroll of noise
 k - 4 scrolls of remove curse
 m - 5 scrolls of enchant armour
 n - 2 scrolls of enchant weapon
 o - 3 scrolls of amnesia
 x - 3 scrolls of magic mapping
 D - a scroll of fog
 M - a scroll of acquirement {unknown}
 N - a scroll of summoning {unknown}
Potions
 b - a potion of lignification
 d - 2 potions of might
 h - 2 potions of berserk rage
 r - 3 potions of agility
 u - 2 potions of ambrosia
 v - a potion of brilliance
 z - 2 potions of curing
 A - 3 potions of flight
 H - a potion of invisibility
 J - 3 potions of degeneration
 K - a potion of haste
 L - 2 potions of cancellation
 P - 2 potions of resistance
 T - a potion of heal wounds
Comestibles
 f - 20 rations {!d}


   Skills:
 * Level 11.7 Fighting
   Level 11.7 Short Blades
   Level 11.7 Long Blades
   Level 11.7 Axes
   Level 11.7 Maces & Flails
   Level 11.7 Polearms
   Level 11.7 Staves
 + Level 10.7 Armour
 + Level 10.7 Shields
   Level 11.7 Unarmed Combat
 + Level 11.4 Invocations


You had 11 spell levels left.
You didn't know any spells.
Your spell library contained the following spells:

 Spells                   Type           Power        Failure   Level  Hunger
 Apportation              Tloc           #.....       92%         1    ##.....
 Infusion                 Chrm           #.......     92%         1    ##.....
 Magic Dart               Conj           #...         92%         1    ##.....
 Sandblast                Erth           #.....       92%         1    ##.....
 Slow                     Hex            #.......     92%         1    ##.....
 Summon Butterflies       Summ           #.......     92%         1    ##.....
 Blink                    Tloc           N/A          98%         2    ###....
 Call Imp                 Summ           #.....       98%         2    ###....
 Conjure Flame            Conj/Fire      #.......     100%        3    ####...
 Mephitic Cloud           Conj/Pois/Air  #.......     100%        3    ####...
 Spider Form              Tmut/Pois      #..          100%        3    ####...
 Iskenderun's Battlesphe  Conj/Chrm      #.......     100%        5    ######.
 Iron Shot                Conj/Erth      #.........   100%        6    #######
 Poison Arrow             Conj/Pois      #.........   100%        6    #######
 Orb of Destruction       Conj           #.........   100%        7    #######
 Spellforged Servitor     Conj/Summ      #.........   100%        7    #######


Dungeon Overview and Level Annotations

Branches:
Dungeon (9/12)             Temple (1/1) D:4            Lair (4/6) D:9
 Shoals (0/3) Lair:2        Snake (0/3) Lair:3
    Orc: D:8-11

Altars:
Ashenzari
Cheibriados
Dithmenos
Elyvilon
Fedhas
Gozag
Hepliaklqana
Kikubaaqudgha
Lugonu
Makhleb
Nemelex Xobeh
Okawaru
Qazlal
Ru
Sif Muna
Trog
Uskayaw
Vehumet
Wu Jian
Xom
Yredelemnul
Zin
The Shining One

Shops:
D:5 **?   D:9 (

Annotations:
D:5 1 runed translucent door, Revguard's ghost, novice DrSk


Message History

The catoblepas breathes a plume of calcifying dust at you.
The blast of calcifying dust hits you!
You are engulfed in calcifying dust.
The manticore bites you!
* * * LOW HITPOINT WARNING * * *
The manticore claws you. x2
* * * LOW HITPOINT WARNING * * *
The catoblepas gores you.
* * * LOW HITPOINT WARNING * * *
You are engulfed in calcifying dust.
The manticore bites you but does no damage.
The manticore claws you but does no damage. x2
The catoblepas gores you!!
* * * LOW HITPOINT WARNING * * *
You turn to flesh and can move again.
A demon appears!
You are engulfed in calcifying dust.
The manticore bites you but does no damage.
The manticore claws you.
* * * LOW HITPOINT WARNING * * *
You block the manticore's attack. The catoblepas gores you!
You die...

... +..≈<≈........#...##... ....
#≈.≈≈≈.≈##....#....#... .##.
#≈.......≈##............ ..#
.≈..H.≈..≈.#............ ...
.$≈≈###≈≈!.#............ .#P
...##.##...#.P.......... .#
..#####...#####.P..>......P
........#.##...................P.
......#.......#Y@§§.P............
..P.P...#....#.3H................
..#........#.....................
.##.#P......P....................
.#..P.....#PP......P#.#..........
..#..P..#.##..#.#.P...#...#......
.##.#....).#.##................#.
..#...^.#.#..P#...........#....#.
.................................


You could see a catoblepas, a manticore and a friendly smoke demon.

Vanquished Creatures
  A hydra (Lair:3)
  A centaur warrior (D:9)
  A catoblepas (Lair:4)
  Pikel (D:9)
  A manticore (Lair:4)
  3 merfolk sirens (Lair:2)
  3 black mambas (Lair:3)
  3 cane toads
  2 rime drakes
  4 komodo dragons
  A merfolk (Lair:2)
  A hornet (D:9)
  8 blink frogs
  3 hippogriffs
  4 yaks (Lair:2)
  A wyvern (Lair:3)
  A basilisk (Lair:2)
  2 hungry ghosts
  7 crocodiles
  A soldier ant (shapeshifter) (D:9)
  7 water moccasins (Lair:3)
  7 porcupines
  A slave (D:9)
  4 orc warriors
  An ice beast (D:7)
  3 sky beasts
  6 ogres
  2 black bears
  A necrophage (D:5)
  A phantom (D:5)
  2 centaurs
  4 big kobolds
  9 bullfrogs
  A centaur zombie (D:6)
  8 crimson imps
  7 orc priests
  3 hounds
  3 bullfrog skeletons
  6 iguanas
  8 worker ants
  16 orc wizards
  A hound skeleton (D:5)
  A worker ant zombie (D:8)
  5 gnolls
  13 adders
  An ooze (D:2)
  An adder skeleton (D:3)
  4 worms
  2 dart slugs
  9 leopard geckos
  40 orcs
  6 giant cockroaches
  2 goblins
  10 hobgoblins
  14 jackals
  6 quokkas
  4 ball pythons
  6 bats
  A frilled lizard (D:1)
  26 kobolds
  A leopard gecko skeleton (D:4)
  2 quokka skeletons
  3 rats
  2 bushes (D:4)
  A fungus (Lair:2)
310 creatures vanquished.

Vanquished Creatures (collateral kills)
  3 hydras
  A water moccasin (Lair:3)
  A crocodile (Lair:2)
  2 porcupines
  A bullfrog (Lair:2)
  An iguana (Lair:2)
  An adder (Lair:3)
10 creatures vanquished.

Vanquished Creatures (others)
  A hippogriff (D:9)
  A slave (D:9)
  2 orc wizards (D:9)
  An orc (D:9)
  A fungus (Lair:3)
6 creatures vanquished.

Grand Total: 326 creatures vanquished

Notes
Turn   | Place    | Note
-------+----------+-------------------------------------------
     0 | D:1      | Mrkan the Hill Orc Fighter began the quest for the Orb.
     0 | D:1      | Reached XP level 1. HP: 20/20 MP: 1/1
    40 | D:1      | Reached XP level 2. HP: 25/27 MP: 2/2
   411 | D:1      | Reached XP level 3. HP: 32/34 MP: 3/3
  1015 | D:2      | Reached XP level 4. HP: 38/41 MP: 4/4
  1042 | D:2      | Found a shimmering blue altar of Sif Muna.
  3048 | D:3      | Reached skill level 5 in Fighting
  3048 | D:3      | Reached XP level 5. HP: 48/48 MP: 5/5
  3268 | D:4      | Found a staircase to the Ecumenical Temple.
  3281 | Temple   | Entered the Ecumenical Temple
  3329 | Temple   | Became a worshipper of Makhleb the Destroyer
  3493 | D:4      | Reached XP level 6. HP: 29/56 MP: 6/6
  3632 | D:4      | Reached skill level 1 in Invocations
  3850 | D:4      | Found an ancient bone altar of Kikubaaqudgha.
  3895 | D:4      | Got a scorched chain mail
  3919 | D:4      | Noticed a sky beast
  3943 | D:4      | Killed a sky beast
  3943 | D:4      | Reached XP level 7. HP: 45/62 MP: 8/8
  4100 | D:4      | Reached skill level 5 in Shields
  4103 | D:4      | Reached skill level 5 in Armour
  4634 | D:5      | Entered Level 5 of the Dungeon
  4639 | D:5      | Noticed Revguard's ghost (novice DrSk)
  4641 | D:5      | Found a runed translucent door.
  4885 | D:5      | Reached XP level 8. HP: 69/71 MP: 10/10
  4887 | D:5      | Found Qeijegi's Magic Scroll Emporium.
  4929 | D:5      | Found Impo's Assorted Antiques.
  5034 | D:5      | Found a radiant altar of Vehumet.
  5043 | D:5      | Reached * piety under Makhleb
  5112 | D:5      | Found Caefroto's General Store.
  5115 | D:5      | Bought a scroll of identify for 22 gold pieces
  5115 | D:5      | Bought a scroll of magic mapping for 38 gold pieces
  5115 | D:5      | Bought a potion of curing for 33 gold pieces
  5115 | D:5      | Bought a potion of heal wounds for 55 gold pieces
  5614 | D:6      | Found a hazy altar of Hepliaklqana.
  5650 | D:6      | Reached skill level 5 in Invocations
  5678 | D:6      | Identified the +8 chain mail of the Sea {*Corrode rPois
                  | Int+9 Slay+3} (You found it on level 4 of the Dungeon)
  5944 | D:6      | Reached XP level 9. HP: 66/79 MP: 13/13
  6228 | D:6      | Found a glowing golden altar of the Shining One.
  6561 | D:7      | Reached ** piety under Makhleb
  7246 | D:7      | Reached *** piety under Makhleb
  7676 | D:8      | Reached XP level 10. HP: 90/90 MP: 15/15
  8073 | D:8      | Found a shattered altar of Ashenzari.
  8228 | D:9      | Noticed Pikel
  8248 | D:9      | Killed Pikel
  8265 | D:9      | Found Heumah's Weapon Boutique.
  8480 | D:9      | Found a staircase to the Lair.
  8504 | D:9      | Noticed a centaur warrior
  8510 | D:9      | Killed a centaur warrior
  8613 | D:9      | Found a corrupted altar of Lugonu.
  8888 | Lair:1   | Entered Level 1 of the Lair of Beasts
  8977 | Lair:1   | Reached XP level 11. HP: 95/99 MP: 17/17
  9067 | Lair:1   | Noticed a six-headed hydra
  9074 | Lair:1   | Killed a six-headed hydra
  9074 | Lair:1   | Reached skill level 10 in Fighting
  9792 | Lair:2   | Noticed a six-headed hydra
  9804 | Lair:2   | Killed a six-headed hydra
  9955 | Lair:2   | Found a staircase to the Shoals.
  9998 | Lair:2   | Reached skill level 10 in Invocations
 10226 | Lair:2   | Got a jade-encrusted chain mail
 10229 | Lair:2   | Identified the +1 chain mail of Indemnity {rC- Int+4} (You
                  | found it on level 2 of the Lair of Beasts)
 10488 | Lair:2   | Reached **** piety under Makhleb
 10845 | Lair:2   | Reached skill level 10 in Shields
 11220 | Lair:3   | Reached XP level 12. HP: 110/110 MP: 19/19
 11227 | Lair:3   | Reached skill level 10 in Armour
 11414 | Lair:3   | Noticed a seven-headed hydra
 11424 | Lair:3   | Killed a seven-headed hydra
 11606 | Lair:3   | Got a smoking ring mail
 11864 | Lair:3   | Got a warped quarterstaff
 11865 | Lair:3   | Noticed a six-headed hydra
 11877 | Lair:3   | Killed a six-headed hydra
 11881 | Lair:3   | Identified the +6 quarterstaff of the Hidden Vale {elec,
                  | +Blink rF- Dex+3} (You found it on level 3 of the Lair of
                  | Beasts)
 11990 | Lair:3   | Found a staircase to the Snake Pit.
 12886 | Lair:4   | Noticed a catoblepas
 12930 | Lair:4   | HP: 2/111 [catoblepas (7)]
 12932 | Lair:4   | Killed a catoblepas
 13214 | Lair:4   | Noticed a catoblepas
 13251 | Lair:4   | HP: 1/111 [manticore (1)]
 13251 | Lair:4   | Demolished by a catoblepas

Skill      XL: |  1  2  3  4  5  6  7  8  9 10 11 12 |
---------------+-------------------------------------+-----
Shields        | 4 5 6 7 8 10 | 10.7
Armour         | 4 5 6 7 8 9 10 | 10.7
Fighting       | 5 6 7 8 9 11 | 11.7
Invocations    | 2 3 5 7 8 10 11 | 11.4
Short Blades   | | 11.7
Long Blades    | | 11.7
Axes           | | 11.7
Maces & Flails | | 11.7
Polearms       | | 11.7
Staves         | | 11.7
Unarmed Combat | | 11.7

Action                   |  1- 3 |  4- 6 |  7- 9 | 10-12 || total
-------------------------+-------+-------+-------+-------++-------
Melee: War axe           |   108 |   230 |       |       ||   338
       Hand axe          |       |    47 |   388 |   272 ||   707
       Whip              |       |       |       |   199 ||   199
Invok: Lesser Servant of |       |       |       |     6 ||     6
  Use: Scroll            |       |       |    13 |     7 ||    20
       Potion            |       |       |       |     6 ||     6
 Stab: Petrified         |       |       |       |     7 ||     7
       Distracted        |       |       |       |     1 ||     1
  Eat: Chunk             |       |     7 |    12 |    20 ||    39
       Ration            |       |     1 |       |     1 ||     2
Armor: Scale mail        |    72 |    20 |       |       ||    92
       Plate armour      |       |   130 |    97 |       ||   227
       Chain mail        |       |       |    73 |   246 ||   319
Dodge: Dodged            |    50 |    48 |    53 |   104 ||   255
Block: Shield            |    59 |   143 |   174 |   281 ||   657
